Map: Ultralove

Players

VITmaru (Maru)

  • Race: Terran Terran
  • Spawn Location: 1:00

gumiho - Winner!

  • Race: Terran Terran
  • Spawn Location: 7:00

Event: HomeStory Cup XXVI

VOD

Have the link to the VOD?

Description

Time

  • Played on: Dec. 1, 2024, 10:09 a.m.
  • Length: 13:58

All games in this series

Show
View Real Time Build Order
Export as new Build Order

VITmaru Terran 

Build Orders: Reaper Expand 

Get SALT Encoding   

  12  0:00  SCV  
  13  0:12  SCV  
  14  0:17  Supply Depot  
  14  0:24  SCV  
  15  0:38  SCV  
  15  0:40  Barracks  
  16  0:44  Refinery  
  16  0:50  SCV  
  17  1:02  SCV  
  18  1:15  SCV  
  19  1:27  Orbital Command, Reaper  
  20  1:42  Command Center  
  20  1:52  Supply Depot, SCV  
  21  1:59  Marine  
  22  2:05  SCV  
  22  2:07  Factory  
  23  2:13  Bunker  
  23  2:17  SCV  
  23  2:19  Marine  
  25  2:24  Refinery  
  25  2:29  SCV  
  26  2:36  Marine  
  27  2:41  SCV  
  28  2:51  Hellion  
  28  2:53  SCV, Starport  
  28  2:57  Orbital Command  
  31  2:59  Barracks Reactor  
  31  3:05  SCV  
  32  3:16  Factory Tech Lab  
  32  3:17  SCV  
  31  3:23  SCV  
  32  3:30  Viking  
  32  3:31  SCV  
  35  3:36  Siege Tank  
  35  3:37  SCV  
  39  3:43  SCV  
  40  3:49  SCV  
  40  3:52  Command Center  
  41  3:56  Supply Depot  
  41  3:57  SCV  
  41  4:01  SCV  
  42  4:03  Refinery  
  42  4:06  Starport Tech Lab  
  42  4:09  SCV  
  43  4:10  Cyclone  
  46  4:18  SCV  
  46  4:21  SCV  
  48  4:26  Raven  
  48  4:29  Barracks  
  48  4:30  SCV  
  48  4:31  Barracks  
  51  4:33  SCV  
  52  4:42  SCV  
  53  4:46  SCV  
  53  4:47  Engineering Bay  
  53  4:48  Supply Depot, Engineering Bay, Factory Reactor  
  53  4:50  Stimpack  
  54  5:01  Refinery  
  54  5:04  Raven, SCV x2  
  58  5:09  Supply Depot  
  58  5:12  SCV  
  59  5:15  Marine  
  58  5:22  SCV  
  58  5:24  Orbital Command  
  58  5:27  Interference Matrix  
  59  5:30  SCV  
  59  5:33  Terran Infantry Weapons Level 1, Terran Infantry Armor Level 1  
  60  5:37  Marine x3  
  60  5:38  Marine x2  
  60  5:41  Supply Depot  
  60  5:42  Barracks  
  65  5:43  Barracks  
  65  5:48  Raven, Missile Turret  
  65  5:49  SCV x2  
  68  5:51  Factory Reactor  
  68  5:53  SCV  
  69  5:59  Supply Depot  
  69  6:00  Marine x3  
  69  6:01  SCV  
  73  6:06  SCV  
  73  6:07  Supply Depot  
  74  6:11  Orbital Command  
  74  6:13  SCV, Marine  
  76  6:20  Marine x3  
  76  6:22  Supply Depot  
  76  6:23  Marine  
  80  6:29  SCV x2  
  81  6:33  Combat Shield  
  81  6:35  Barracks Reactor  
  81  6:36  Barracks Reactor  
  82  6:41  SCV x2  
  82  6:43  Siege Tank, Marine x2  
  82  6:45  Marine x2  
  89  6:52  Marine  
  89  6:53  Medivac x2  
  92  7:01  Marine x2  
  92  7:03  Marine x2  
  92  7:05  SCV, Armory  
  97  7:10  Marine  
  97  7:12  Marine x3  
  101  7:19  Marine x2  
  101  7:21  Marine x2  
  101  7:22  Siege Tank  
  108  7:23  Marine  
  108  7:27  Orbital Command  
  108  7:28  SCV, Marine  
  108  7:29  SCV  
  112  7:30  Marine x2  
  112  7:34  Supply Depot  
  114  7:37  Marine  
  115  7:45  Marine  
  115  7:46  Marine  
  115  7:50  Medivac  
  117  7:56  Medivac  
  117  7:57  Marine  
  120  8:01  Siege Tank, Marine x2  
  122  8:06  SCV x3  
  123  8:16  Terran Infantry Weapons Level 2  
  123  8:19  Supply Depot  
  123  8:20  Medivac  
  123  8:23  Terran Infantry Armor Level 2  
  123  8:24  Supply Depot, SCV x3  
  128  8:33  Siege Tank  
  131  8:34  Marine  
  131  8:36  SCV x2  
  130  8:42  SCV  
  130  8:48  SCV x2  
  133  8:50  Command Center  
  133  8:55  SCV  
  134  8:57  Refinery  
  134  8:58  Refinery  
  134  8:59  Viking x2  
  138  9:05  Siege Tank  
  138  9:08  Supply Depot  
  141  9:12  Starport  
  141  9:13  Starport  
  141  9:18  SCV  
  141  9:22  SCV x2  
  141  9:24  Marine  
  132  9:29  Marine  
  132  9:30  SCV, Marine x3  
  118  9:34  SCV x2, Viking  
  118  9:38  Siege Tank  
  124  9:42  SCV, Marine  
  121  9:46  Viking  
  120  9:57  SCV x2  
  116  10:02  SCV  
  116  10:04  Viking  
  116  10:09  SCV  
  116  10:10  SCV  
  116  10:13  Barracks  
  118  10:14  SCV, Refinery, Barracks  
  118  10:16  Barracks, Viking  
  121  10:21  SCV  
  121  10:22  SCV  
  121  10:26  SCV  
  124  10:34  SCV x2  
  126  10:36  Missile Turret  
  126  10:38  SCV, Starport  
  127  10:43  Starport  
  127  10:46  SCV x2  
  129  10:50  SCV  
  129  10:51  Supply Depot  
  129  10:52  Supply Depot  
  129  10:54  Viking x2  
  129  10:55  Orbital Command  
  134  10:58  SCV, Terran Infantry Weapons Level 3  
  134  11:03  Terran Infantry Armor Level 3  
  135  11:08  SCV  
  135  11:10  SCV  
  137  11:15  SCV  
  137  11:17  Refinery x2, Command Center  
  138  11:23  Barracks Tech Lab x3  
  138  11:24  Raven, Starport Tech Lab  
  140  11:27  Terran Vehicle And Ship Armor Level 1  
  140  11:31  SCV x3  
  140  11:32  SCV  
  144  11:33  Supply Depot  
  144  11:37  Supply Depot  
  148  11:42  Medivac  
  148  11:43  Medivac  
  148  11:46  Marauder x4  
  156  11:48  Concussive Shells  
  156  11:52  SCV x4  
  158  12:04  Raven x2, SCV  
  158  12:06  Sensor Tower  
  158  12:07  Marauder  
  165  12:10  SCV  
  165  12:15  Viking x2  
  170  12:17  Command Center  
  170  12:18  Marauder x3  
  170  12:19  Sensor Tower  
  170  12:21  Supply Depot  
  176  12:27  Marine  
  176  12:29  Marauder  
  176  12:40  Marauder x2  
  176  12:41  Marauder  
  176  12:42  Raven x2  
  184  12:44  Marine x2  
  184  12:50  Marauder  
  180  12:57  Marine  
  180  12:58  Marine  
  171  13:01  Marauder x2  
  171  13:03  Marine x3, Marauder  
  171  13:04  Marine x2  
  174  13:07  Marine  
  174  13:12  Marauder  
  171  13:15  Marine  
  171  13:17  Raven x2  
  171  13:21  SCV x2  
  171  13:22  Marauder x2  
  171  13:24  Marauder  
  171  13:26  Marine  
  171  13:27  Marine x2  
  179  13:33  Marauder  
  169  13:36  SCV x3  
  169  13:37  SCV  
Show
View Real Time Build Order
Export as new Build Order

gumiho Terran - Winner!

Build Orders: 1/1/1 

Get SALT Encoding   

  12  0:00  SCV  
  13  0:12  SCV  
  14  0:17  Supply Depot  
  14  0:24  SCV  
  15  0:38  SCV  
  15  0:40  Barracks  
  16  0:44  Refinery  
  16  0:50  SCV  
  16  0:52  Refinery  
  17  1:02  SCV  
  18  1:14  SCV  
  19  1:26  Reaper  
  19  1:27  Orbital Command  
  19  1:28  Supply Depot  
  20  1:41  Factory  
  20  1:52  SCV  
  21  1:58  Reaper  
  22  2:04  SCV  
  23  2:13  Command Center  
  23  2:17  SCV  
  24  2:24  Hellion  
  24  2:29  Starport  
  26  2:32  SCV  
  27  2:38  Supply Depot  
  27  2:40  Barracks Tech Lab  
  27  2:44  SCV  
  27  2:47  Factory Tech Lab  
  28  2:56  SCV  
  29  3:08  SCV  
  29  3:20  Banshee  
  29  3:21  Cyclone  
  29  3:22  SCV  
  29  3:26  Orbital Command  
  34  3:34  SCV  
  34  3:40  Barracks Reactor  
  34  3:46  SCV  
  35  3:54  Command Center  
  35  3:56  SCV  
  35  3:58  SCV  
  37  4:03  Siege Tank  
  37  4:08  SCV  
  41  4:10  SCV  
  41  4:13  Refinery  
  41  4:16  Marine x2  
  44  4:18  Raven  
  44  4:20  SCV  
  44  4:23  SCV  
  48  4:24  Refinery  
  48  4:25  Supply Depot  
  48  4:32  SCV  
  48  4:35  SCV, Marine x2  
  52  4:44  SCV  
  53  4:47  SCV, Siege Tank  
  57  4:53  Factory  
  57  4:57  SCV  
  57  4:59  SCV  
  59  5:05  Viking  
  59  5:06  Viking  
  63  5:07  Orbital Command  
  63  5:11  SCV x2  
  63  5:12  Supply Depot  
  65  5:21  Siege Tank  
  65  5:23  SCV x2  
  70  5:29  Supply Depot  
  70  5:30  Engineering Bay  
  70  5:33  SCV  
  70  5:35  SCV x2  
  71  5:41  Viking  
  71  5:42  Viking  
  75  5:45  Siege Tank  
  75  5:48  Orbital Command  
  78  5:51  SCV x2  
  78  5:56  Starport  
  80  6:03  SCV x2  
  82  6:04  Refinery  
  82  6:06  Siege Tank  
  82  6:09  Refinery  
  85  6:13  Supply Depot  
  85  6:14  SCV, Viking  
  85  6:15  SCV x2  
  90  6:34  Viking x2  
  90  6:36  SCV x2  
  90  6:38  SCV  
  97  6:45  Siege Tank  
  100  6:48  SCV  
  100  6:52  Supply Depot x2  
  100  6:53  Supply Depot  
  101  6:55  Fusion Core  
  101  6:56  Command Center  
  101  6:59  SCV x2  
  101  7:13  SCV x2  
  103  7:15  Siege Tank  
  103  7:16  Starport Tech Lab  
  103  7:20  Viking x2  
  110  7:28  SCV x2  
  112  7:30  Supply Depot, SCV  
  112  7:32  Supply Depot x2  
  113  7:40  SCV x2, Siege Tank  
  113  7:42  SCV  
  119  7:47  Siege Tank  
  122  7:52  SCV  
  122  7:58  SCV x2  
  125  7:59  Battlecruiser  
  125  8:02  Supply Depot  
  125  8:03  Supply Depot  
  125  8:05  Supply Depot  
  128  8:07  SCV  
  128  8:10  SCV x2  
  133  8:12  Siege Tank  
  133  8:14  Missile Turret  
  133  8:15  Missile Turret, Viking x2  
  133  8:19  Missile Turret  
  122  8:20  Siege Tank  
  122  8:22  SCV x2  
  124  8:28  SCV  
  124  8:34  SCV x2  
  127  8:44  Siege Tank  
  130  8:49  Missile Turret  
  130  8:50  Planetary Fortress, Missile Turret x2  
  130  8:52  Siege Tank  
  133  8:57  Command Center  
  133  9:08  Battlecruiser  
  139  9:17  Siege Tank  
  142  9:24  Siege Tank  
  145  9:25  Armory x2  
  145  9:29  Refinery x2  
  142  9:49  Siege Tank  
  144  9:56  Siege Tank  
  147  10:01  Viking x2  
  147  10:04  Starport  
  147  10:05  Starport  
  147  10:06  Factory  
  141  10:08  Factory  
  141  10:12  Sensor Tower  
  141  10:17  Terran Vehicle And Ship Armor Level 1, Terran Vehicle Weapons Level 1  
  143  10:21  Hellion  
  143  10:22  Armory  
  143  10:29  Missile Turret x2  
  143  10:30  Viking  
  143  10:31  Sensor Tower, Viking x2  
  149  10:38  Weapon Refit  
  149  10:44  Sensor Tower  
  149  10:53  SCV  
  149  10:54  SCV x2  
  149  10:56  Factory Reactor, Factory Tech Lab  
  152  10:57  Starport Tech Lab  
  152  10:59  Starport Tech Lab  
  152  11:00  Planetary Fortress  
  152  11:01  Refinery  
  152  11:02  Refinery  
  152  11:05  SCV  
  152  11:09  Command Center  
  152  11:10  Command Center  
  152  11:11  Terran Ship Weapons Level 1  
  153  11:14  Cyclone x2  
  153  11:16  Cyclone  
  162  11:21  Viking  
  162  11:22  Viking  
  166  11:27  Missile Turret  
  166  11:28  Viking  
  166  11:30  Infernal Pre-Igniter  
  168  11:33  Mag-Field Accelerator  
  168  11:34  Hellion  
  168  11:35  Hellion  
  172  11:46  Hellion x2  
  175  11:48  Hellion  
  175  12:05  Hellion x2  
  175  12:07  Viking x5  
  189  12:23  Siege Tank x2  
  189  12:24  Hellion  
  189  12:26  Hellion  
  191  12:47  Siege Tank, Hellion  
  191  12:48  Hellion  
  195  12:53  Viking  
  195  12:54  Viking  
  195  12:57  Viking  
  198  13:08  Hellion  
  200  13:18  Hellion  
  199  13:26  Orbital Command  
  199  13:30  Command Center  
  199  13:33  Command Center x2  
Tags
 
Add a new tag
Caveats
  • Supply blocks, unpowered buildings, or Contaminate may cause inaccurate times.
  • Supply counts are checked every 10 seconds.